 Dungeon Crawl Stone Soup version 0.30.0-5-g1a98f26d00 (webtiles) character file.

Game seed: 16587292457545408429

472 retardedninja the Firebug (level 7, 0/51 HPs)
             Began as a Gnoll Fire Elementalist on May 11, 2023.
             Slain by a gnoll
             ... wielding a +0 halberd
              (5 damage)
             ... on level 5 of the Dungeon.
             The game lasted 00:08:23 (5158 turns).

retardedninja the Firebug (Gnoll Fire Elementalist) Turns: 5158, Time: 00:08:29

Health: 0/51       AC:  3    Str:  7    XL:     7   Next: 9%
Magic:  3/15       EV: 13    Int: 17    God:
Gold:   257        SH:  0    Dex: 12    Spells: 14/17 levels left

rFire   . . .        w - +2 great sword (heavy)
rCold   . . .        (shield currently unavailable)
rNeg    . . .        a - +0 robe
rPois   .            e - +0 helmet
rElec   .            (no cloak)
rCorr   .            (no gloves)
SInv    .            (no boots)
Will    .....        (no amulet)
Stlth   +++          u - ring of wizardry
HPRegen 0.28/turn    s - ring of wizardry
MPRegen 0.14/turn

%: wizardry (x2)
@: no status effects
A: fangs 1, strong nose, distributed training
a: no special abilities


You were on level 5 of the Dungeon.
You visited 1 branch of the dungeon, and saw 5 of its levels.

You collected 257 gold pieces.

Inventory:

Hand Weapons
 w - a +2 heavy great sword (weapon)
Armour
 a - a +0 robe (worn)
 e - a +0 helmet (worn)
Jewellery
 l - a ring of poison resistance
 r - a ring of resist corrosion
 s - a ring of wizardry (right hand)
 u - a ring of wizardry (left hand)
 C - a ring of resist corrosion
 D - a ring of protection from fire
Wands
 z - a wand of acid (11)
Scrolls
 d - a scroll of immolation {unknown}
 f - 2 scrolls of blinking {unknown}
 j - 4 scrolls of identify {unknown}
 k - a scroll of magic mapping {unknown}
 n - a scroll of silence {unknown}
 o - a scroll of amnesia {unknown}
 t - a scroll of noise {unknown}
 v - a scroll of enchant weapon {unknown}
 x - a scroll of enchant armour {unknown}
 y - 2 scrolls of teleportation {unknown}
Potions
 b - 2 potions of brilliance {unknown}
 c - a potion of mutation {unknown}
 g - a potion of invisibility {unknown}
 h - 3 potions of haste
 i - 4 potions of degeneration {unknown}
 m - a potion of berserk rage {unknown}
 p - a potion of flight {unknown}
 q - 2 potions of cancellation {unknown}
 A - a potion of experience {unknown}
 B - a potion of attraction {unknown}
 E - a potion of curing {unknown}


   Skills:
 + Level 2.3 Fighting
 + Level 2.3 Short Blades
 + Level 2.3 Long Blades
 + Level 2.3 Axes
 + Level 2.3 Maces & Flails
 + Level 2.3 Polearms
 + Level 2.3 Staves
 + Level 2.3 Ranged Weapons
 + Level 2.3 Throwing
 + Level 2.3 Armour
 + Level 5.2 Dodging
 + Level 4.8 Stealth
 + Level 2.3 Shields
 + Level 2.3 Unarmed Combat
 + Level 5.5 Spellcasting
 + Level 2.9 Conjurations
 + Level 1.9 Hexes
 + Level 1.9 Summonings
 + Level 1.9 Necromancy
 + Level 1.9 Translocations
 + Level 1.9 Transmutations
 + Level 5.8 Fire Magic
 + Level 1.9 Ice Magic
 + Level 1.9 Air Magic
 + Level 1.9 Earth Magic
 + Level 1.9 Poison Magic
 + Level 2.6 Invocations
 + Level 2.3 Evocations


You had 14 spell levels left.
You knew the following spells:

 Your Spells              Type           Power      Damage    Failure   Level
a - Foxfire               Conj/Fire      76%        2x1d7     1%          1
b - Scorch                Fire           48%        2d7       1%          2

Your spell library contained the following spells:

 Spells                   Type           Power      Damage    Failure   Level
 Apportation              Tloc           22%        N/A       1%          1
 Beastly Appendage        Tmut           22%        N/A       1%          1
 Necrotise                Necr           44%        1d6       1%          1
 Summon Small Mammal      Summ           44%        N/A       1%          1
 Wereblood                Tmut           11%        N/A       2%          2
 Inner Flame              Hex/Fire       17%        N/A       2%          3
 Volatile Blastmotes      Fire/Tloc      34%        2d12      2%          3
 Spider Form              Tmut/Pois      11%        N/A       5%          3
 Flame Wave               Conj/Fire      19%        2d7       6%          4
 Cause Fear               Hex            5%         N/A       16%         4
 Dragon Form              Tmut           5%         N/A       100%        7
 Dragon's Call            Summ           5%         N/A       100%        9


Dungeon Overview and Level Annotations

Branches:
Dungeon (5/15)
 Temple: D:4-7

Altars:
Dithmenos
Fedhas
Trog


Innate Abilities, Weirdness & Mutations

You have very sharp teeth.
Your uncanny sense of smell can sniff out nearby items.
Your experience applies equally to all skills.


Message History

Casting: Scorch (safe; 1% risk of failure)
Confirm with . or Enter, or press ? or * to list all spells.
Flames lash the iguana.
The iguana is burned terribly!
You kill the iguana!
A gnoll comes into view. It is wielding a +0 halberd.
Unknown command.
Casting: Scorch (safe; 1% risk of failure)
Confirm with . or Enter, or press ? or * to list all spells.
Flames lash the gnoll.
The gnoll is moderately wounded.
The gnoll's fire resistance burns away.
Unknown command.
Casting: Scorch (safe; 1% risk of failure)
Confirm with . or Enter, or press ? or * to list all spells.
Flames lash the gnoll.
The gnoll is burned terribly!
The gnoll is severely wounded.
The gnoll misses you.
Unknown command.
Casting: Scorch (safe; 1% risk of failure)
Confirm with . or Enter, or press ? or * to list all spells.
You don't have enough magic to cast this spell.
The gnoll barely misses you.
A gnoll comes into view. It is wielding a +0 halberd.
You barely miss the gnoll. You bite the gnoll.
The gnoll is severely wounded.
The gnoll is no longer more vulnerable to fire.
The gnoll misses you.
The gnoll hits you from afar with a +0 halberd.
The gnoll hits you with a +0 halberd! The gnoll hits you with a +0 halberd.
The gnoll attacks as you move away! The gnoll barely misses you.
The gnoll hits you from afar with a +0 halberd!
A gnoll comes into view. It is wielding a +0 spear.
The gnoll closely misses you.
You closely miss the gnoll.
The gnoll is severely wounded.
The gnoll hits you from afar with a +0 halberd!
The gnoll hits you with a +0 halberd!
* * * LOW HITPOINT WARNING * * *
The gnoll misses you. The gnoll hits you with a +0 halberd.
You die...

# ##.### #.
....# ##.##.#.#
###.
........##.....
#.....g†).....
#..#.#g#
#....#.#
#....g@#
#..###.#
#......#
#<###### #.#
#.# ..# ###


You could see 3 gnolls.

Vanquished Creatures
  A phantom (D:4)
  3 scorpions (D:4)
  2 iguanas
  An orc wizard (D:4)
  Robin (D:2)
  A gnoll (D:5)
  3 adders (D:4)
  2 worms
  A dart slug (D:3)
  3 orcs (D:4)
  3 endoplasms
  2 giant cockroaches (D:1)
  17 goblins
  7 hobgoblins
  12 jackals
  2 quokkas (D:1)
  5 ball pythons
  7 bats
  3 kobolds
  5 rats
81 creatures vanquished.

Vanquished Creatures (collateral kills)
  A foxfire (D:2)
1 creature vanquished.

Vanquished Creatures (others)
  356 foxfires
356 creatures vanquished.

Grand Total: 438 creatures vanquished

Notes
Turn   | Place    | Note
-------+----------+-------------------------------------------
     0 | D:1      | retardedninja the Gnoll Fire Elementalist began the quest
                  | for the Orb.
     0 | D:1      | Reached XP level 1. HP: 13/13 MP: 6/6
   377 | D:1      | Reached XP level 2. HP: 7/19 MP: 4/7
  1388 | D:1      | Learned a level 2 spell: Scorch
  1445 | D:2      | Reached skill level 5 in Spellcasting
  1445 | D:2      | Reached XP level 3. HP: 25/25 MP: 1/9
  1883 | D:2      | Reached skill level 1 in Invocations
  2008 | D:2      | Noticed Robin
  2016 | D:2      | Reached skill level 1 in Fighting
  2016 | D:2      | Reached skill level 1 in Short Blades
  2016 | D:2      | Reached skill level 1 in Long Blades
  2016 | D:2      | Reached skill level 1 in Axes
  2016 | D:2      | Reached skill level 1 in Maces & Flails
  2016 | D:2      | Reached skill level 1 in Polearms
  2016 | D:2      | Reached skill level 1 in Staves
  2016 | D:2      | Reached skill level 1 in Ranged Weapons
  2016 | D:2      | Reached skill level 1 in Throwing
  2016 | D:2      | Reached skill level 1 in Armour
  2016 | D:2      | Reached skill level 1 in Shields
  2016 | D:2      | Reached skill level 1 in Unarmed Combat
  2016 | D:2      | Reached skill level 1 in Evocations
  2084 | D:2      | Killed Robin
  2085 | D:2      | Reached XP level 4. HP: 7/32 MP: 0/11
  2870 | D:3      | Found a faded altar of an unknown god.
  3260 | D:3      | Reached skill level 1 in Hexes
  3260 | D:3      | Reached skill level 1 in Summonings
  3260 | D:3      | Reached skill level 1 in Necromancy
  3260 | D:3      | Reached skill level 1 in Translocations
  3260 | D:3      | Reached skill level 1 in Transmutations
  3260 | D:3      | Reached skill level 1 in Ice Magic
  3260 | D:3      | Reached skill level 1 in Air Magic
  3260 | D:3      | Reached skill level 1 in Earth Magic
  3260 | D:3      | Reached skill level 1 in Poison Magic
  3939 | D:4      | Reached XP level 5. HP: 37/37 MP: 8/12
  4294 | D:4      | Found a blossoming altar of Fedhas.
  4438 | D:4      | Reached skill level 5 in Dodging
  4438 | D:4      | Reached XP level 6. HP: 44/44 MP: 10/14
  4629 | D:4      | Found a shadowy altar of Dithmenos.
  4666 | D:4      | Found a bloodstained altar of Trog.
  4863 | D:4      | Reached XP level 7. HP: 38/50 MP: 7/15
  5126 | D:5      | Entered Level 5 of the Dungeon
  5158 | D:5      | Slain by a gnoll

Illustrated notes

Levels and vault maps discovered:
D:1:      elethiomel_arrival_quiet, layout_loops_ring, kennysheep_pointless_box,
          minmay_tetromino_i2
D:2:      layout_basic, minmay_misc_feat_doors, minmay_misc_feat_chi,
          dreamdust_mushroom_princess, kennysheep_another_room, uniq_robin
D:3:      layout_basic, shapermc_ecumenical_altar_mp_urbaneastern,
          amcnicky_mini_corridor_feature, corner_web_ring
D:4:      layout_basic, mainiacjoe_overflow_catwalk,
          mainiacjoe_overflow_catwalk_spiral, minivault_5
D:5:      layout_loops_cross, mainiacjoe_overflow_paths, temple_statues,
          uniq_grinder, uniq_eustachio

Skill      XL: |  1  2  3  4  5  6 |
---------------+-------------------+-----
Conjurations   | 2 |  2.9
Spellcasting   | 5 |  5.5
Invocations    | 1 2 |  2.6
Fighting       | 1 2 |  2.3
Short Blades   | 1 2 |  2.3
Long Blades    | 1 2 |  2.3
Axes           | 1 2 |  2.3
Maces & Flails | 1 2 |  2.3
Polearms       | 1 2 |  2.3
Staves         | 1 2 |  2.3
Ranged Weapons | 1 2 |  2.3
Throwing       | 1 2 |  2.3
Armour         | 1 2 |  2.3
Shields        | 1 2 |  2.3
Unarmed Combat | 1 2 |  2.3
Evocations     | 1 2 |  2.3
Hexes          | 1 |  1.9
Summonings     | 1 |  1.9
Necromancy     | 1 |  1.9
Translocations | 1 |  1.9
Transmutations | 1 |  1.9
Ice Magic      | 1 |  1.9
Air Magic      | 1 |  1.9
Earth Magic    | 1 |  1.9
Poison Magic   | 1 |  1.9
Dodging        | 5 |  5.2
Stealth        | |  4.8
Fire Magic     | |  5.8

Action                     |  1- 3 |  4- 6 |  7- 9 || total
---------------------------+-------+-------+-------++-------
  Melee: Spear             |    32 |       |       ||    32
         Bite              |     1 |       |     1 ||     2
         Trident           |    11 |       |       ||    11
         Great sword       |       |     2 |     2 ||     4
   Cast: Foxfire           |    99 |   114 |     3 ||   216
         Scorch            |    11 |     5 |     6 ||    22
    Use: Potion            |     3 |       |       ||     3
 Armour: Skin              |    33 |       |       ||    33
         Robe              |    16 |     1 |       ||    17
  Dodge: Dodged            |    60 |    18 |    10 ||    88
